 Dungeon Crawl Stone Soup version 0.16.1-14-g82efdee (webtiles) character file.

46 KarvaRausku the Skirmisher (level 3, 0/30 HPs)
             Began as a Human Wanderer on Apr 14, 2015.
             Slain by an adder (2 damage)
             ... on level 3 of the Dungeon.
             The game lasted 00:02:29 (1512 turns).

KarvaRausku the Skirmisher (Human Wanderer)         Turns: 1512, Time: 00:02:29

Health: 0/30       AC:  8    Str: 13    XL:     3   Next: 92%
Magic:  3/3        EV:  8    Int: 12    God:
Gold:   63         SH:  0    Dex: 12    Spells: 0 memorised, 2 levels left

rFire  + . .     SeeInvis .     b - +0 mace
rCold  x . .     Clarity  .     a - +2 scale mail
rNeg   . . .     SustAb   .     (no shield)
rPois  +         Gourm    .     (no helmet)
rElec  .         Spirit   .     (no cloak)
rCorr  .         Warding  .     (no gloves)
rMut   .         Stasis   .     (no boots)
MR     .....                    (no amulet)
Stlth  ..........               s - ring of fire
                                e - ring of poison resistance

@: not resistant to hostile enchantments, extremely unstealthy
A: sense surroundings 1
a: no special abilities


You were on level 3 of the Dungeon.
You were near starving.

You visited 1 branch of the dungeon, and saw 3 of its levels.

You collected 63 gold pieces.

Inventory:

Hand weapons
 b - a +0 mace (weapon)
Armour
 a - a +2 scale mail (worn)
Jewellery
 e - a ring of poison resistance (left hand)
 s - a ring of fire (right hand)
 t - a +3 ring of protection {unknown}
Scrolls
 g - 2 scrolls of identify {unknown}
 h - a scroll of teleportation {unknown}
 j - a scroll of fog {unknown}
 o - a scroll of immolation {unknown}
 r - a scroll of random uselessness {unknown}
 u - a scroll of enchant weapon {unknown}
 w - a scroll of magic mapping {unknown}
Potions
 c - a potion of curing
 m - a potion of invisibility {unknown}
 p - 2 potions of degeneration {unknown}
 q - a potion of poison {unknown}
 v - a potion of lignification {unknown}
 x - a potion of agility {unknown}
Comestibles
 d - 2 bread rations
 i - a meat ration
 k - a beef jerky
 l - 2 fruits
 n - a royal jelly


   Skills:
 - Level 4.1 Fighting
 + Level 1.5 Maces & Flails
   Level 2.0 Bows
 - Level 1.0 Throwing
 - Level 3.0 Armour
   Level 1.0 Shields


You had 2 spell levels left.
You didn't know any spells.

Dungeon Overview and Level Annotations

Branches:
Dungeon (3/15)

Altars:
Trog


Innate Abilities, Weirdness & Mutations

You passively map a small area around you.


Message History

You are too injured to fight recklessly!
You are too injured to fight recklessly!
The rat bites you but does no damage.
The hobgoblin hits you but does no damage.
The hobgoblin closely misses you. The adder bites you.
* * * LOW HITPOINT WARNING * * *
You closely miss the adder.
The adder is almost dead.
The adder barely misses you. x2
Drink which item? (? for menu, Esc to quit)
It was a potion of beneficial mutation.
You feel a strange attunement to the structure of the dungeons.
You feel fantastic! The adder bites you but does no damage.
You barely miss the adder.
The adder is severely wounded.
The adder bites you.
* * * LOW HITPOINT WARNING * * *
The adder bites you.
You die...

##..##.# * .##..#
...##.# , ,*..#..#
#..##.# .#..## ,
###(.##.### *, .....
.)........ ,, , *#...#
..#...#.# #...# *
..).....# #...#
.#.#....###########...#
..<.....#.......@Srg>.#
##.#....#.###########)#
...#.............. .#
......#.#.########* *##
...#....#.# ##.#.#.##.#
.......##.# ##.#.####.#
#.#.# #.#


You could see an adder, a hobgoblin and a rat.

Vanquished Creatures
  Jessica (D:3)
  An adder (D:2)
  A ball python (D:1)
  2 goblins
  4 hobgoblins
  2 kobolds (D:2)
  A quokka (D:2)
  3 bats
  A giant newt (D:2)
  2 jackals (D:2)
  5 rats
23 creatures vanquished.

Notes
Turn   | Place    | Note
--------------------------------------------------------------
     0 | D:1      | KarvaRausku, the Human Wanderer, began the quest for the Orb.
     0 | D:1      | KarvaRausku set off with: a +2 scale mail, a +0 mace, a potion of curing, a bread ration
     0 | D:1      | Reached XP level 1. HP: 18/18 MP: 1/1
   394 | D:1      | Reached XP level 2. HP: 20/24 MP: 2/2
   697 | D:2      | Reached skill level 4 in Fighting
   697 | D:2      | Reached XP level 3. HP: 30/30 MP: 3/3
  1198 | D:2      | Found a bloodstained altar of Trog.
  1373 | D:3      | Noticed Jessica
  1417 | D:3      | Killed Jessica
  1417 | D:3      | Reached skill level 1 in Maces & Flails
  1511 | D:3      | Gained mutation: You passively map a small area around you. [potion of beneficial mutation]
  1512 | D:3      | Slain by an adder

Action                   || total
-------------------------++-------
Melee: Mace              ||    87
  Use: Potion            ||     1
